 Dungeon Crawl Stone Soup version 0.27-a0-1191-g601b473118 (webtiles) character file.

Game seed: 17398456919815645814

223 leviel the Chopper (level 6, -4/52 HPs)
             Began as a Hill Orc Fighter on May 24, 2021.
             Killed by divine providence
             ... invoked by an orc priest
              (7 damage)
             ... on level 4 of the Dungeon.
             The game lasted 00:04:02 (4086 turns).

leviel the Chopper (Hill Orc Fighter)               Turns: 4086, Time: 00:04:02

Health: -4/52      AC:  8    Str: 21      XL:     6   Next: 0%
Magic:  6/6        EV:  7    Int:  7 (8)  God:
Gold:   87         SH: 10    Dex: 14 (16) Spells: 5/5 levels left

rFire    . . .     SeeInvis .   a - +0 war axe
rCold    . . .     Faith    .   c - +0 kite shield
rNeg     . . .     Spirit   .   b - +0 scale mail
rPois    .         Reflect  .   (no helmet)
rElec    .         Harm     .   (no cloak)
rCorr    +         Rampage  .   h - +0 pair of gloves
Will     .....                  (no boots)
Stlth    ..........             (no amulet)
HPRegen  0.17/turn              m - ring of resist corrosion
MPRegen  0.10/turn              f - +6 ring of dexterity

@: mighty
A: no striking features
a: Convert to Beogh


You were on level 4 of the Dungeon.
You visited 1 branch of the dungeon, and saw 4 of its levels.

You collected 87 gold pieces.

Inventory:

Hand Weapons
 a - a +0 war axe (weapon)
 n - a +0 whip of flaming
Armour
 b - a +0 scale mail (worn)
 c - a +0 kite shield (worn)
 h - a +0 pair of gloves (worn)
Jewellery
 f - a +6 ring of dexterity (right hand)
 m - a ring of resist corrosion (left hand)
Wands
 k - a wand of acid (10)
Scrolls
 g - 2 scrolls of noise {unknown}
 l - a scroll of silence {unknown}
Potions
 e - a potion of cancellation
 j - a potion of degeneration
 o - 3 potions of lignification


   Skills:
 - Level 4.2 Fighting
 + Level 5.6 Axes
 - Level 3.8 Armour
 + Level 4.9 Shields


You had 5 spell levels left.
You didn't know any spells.
Your spell library was empty.

Dungeon Overview and Level Annotations

Branches:
Dungeon (4/15)
 Temple: D:4-7

Altars:
Ashenzari

Annotations:
D:4 Eustachio


Message History

You block the orc's attack.
You completely miss the orc.
The orc is moderately wounded.
The orc barely misses you. x2; You block the orc's attack.
You closely miss the orc.
The orc is moderately wounded.
The orc misses you.
Eustachio gestures wildly while chanting.
The orc hits you but does no damage.
You hit the orc but do no damage.
The orc is moderately wounded.
The orc hits you but does no damage.
The orc priest looks encouraged for a moment.
The orc barely misses you.
You closely miss the orc.
The orc is moderately wounded.
You block the orc's attack. The orc hits you but does no damage.
You feel very mighty all of a sudden.
The orc priest mumbles some strange prayers to Beogh against you.
Beogh smites you!
* * * LOW HITPOINT WARNING * * *
You block the orc's attack.
You barely miss the orc.
The orc is lightly wounded.
The orc barely misses you.
The orc hits you with a +1 short sword of speed.
* * * LOW HITPOINT WARNING * * *
You slash the orc!
You kill the orc!
You block the orc's attack.
You have reached level 6!
Your experience leads to an increase in your attributes!
Your base attributes are Str 20, Int 8, Dex 10.
Increase (S)trength, (I)ntelligence, or (D)exterity?
You feel stronger.
You hit the orc.
The orc is almost dead.
The orc priest calls down the wrath of Beogh upon you.
Beogh smites you!
You die...

#.#.##..........#
#.#)##o@....#..#
#
#.#............#
#
#..###....###..#
# ##.# #.o.##
.### # #.# ###.#
... # ####.# #.##
#.# ###....#
#ro###.#####.
.......#
#bb@o@.......
###....#
#######...### #
##.#.# ..... #
#.#.# .### #.#.#
.. ..... ## ....#
#.# #


You could see Eustachio, an orc priest, a river rat (summoned, wandering), an
orc and 2 bats.

Vanquished Creatures
  A bullfrog skeleton (D:4)
  A gnoll (D:1)
  4 river rats (D:3)
  4 adders
  2 worms
  2 dart slugs
  8 orcs
  6 endoplasms
  3 giant cockroaches
  7 goblins
  10 hobgoblins
  11 jackals
  7 quokkas
  6 ball pythons
  5 bats
  7 kobolds
  7 rats
91 creatures vanquished.

Notes
Turn   | Place    | Note
-------+----------+-------------------------------------------
     0 | D:1      | leviel the Hill Orc Fighter began the quest for the Orb.
     0 | D:1      | Reached XP level 1. HP: 19/19 MP: 1/1
   147 | D:1      | Reached XP level 2. HP: 24/27 MP: 2/2
   185 | D:1      | Reached skill level 3 in Axes
   480 | D:1      | Reached XP level 3. HP: 31/33 MP: 3/3
  1118 | D:1      | Reached skill level 4 in Axes
  1188 | D:1      | Reached XP level 4. HP: 40/40 MP: 4/4
  2898 | D:3      | Reached XP level 5. HP: 43/46 MP: 5/5
  3354 | D:3      | Reached skill level 5 in Axes
  3366 | D:3      | HP: 1/69 [river rat (4)]
  3379 | D:3      | HP: 1/69 [river rat (3)]
  3914 | D:4      | Found a broken altar of Ashenzari.
  4055 | D:4      | Noticed Eustachio
  4084 | D:4      | HP: 2/46 [orc/+1 short sword of speed (4)]
  4086 | D:4      | Reached XP level 6. HP: 3/52 MP: 6/6
  4086 | D:4      | Killed from afar by an orc priest

Illustrated notes

Levels and vault maps discovered:
D:1:      dpeg_arrival_circle_labyrinth_a, layout_basic, minmay_tromino_i4
D:2:      kb_forest_paths, layout_basic, serial_shops, nicolae_shop_statue_plus,
          minmay_rat_hole
D:3:      layout_loops_cross, serial_forest, infiniplex_forest_straight_4,
          infiniplex_forest_lined_1, infiniplex_forest_clump_tiny,
          infiniplex_forest_end_2, infiniplex_forest_clump_small,
          infiniplex_forest_clump_long, portal_sewer_entry_e
D:4:      layout_loops_ring, general_overflow_altar, corner_web_ring,
          uniq_eustachio, uniq_grinder

Skill      XL: |  1  2  3  4  5 |
---------------+----------------+-----
Axes           | 3 4 5 |  5.6
Fighting       | 4 |  4.2
Shields        | 4 |  4.9
Armour         | |  3.8

Action                   |  1- 3 |  4- 6 || total
-------------------------+-------+-------++-------
Melee: War axe           |   132 |   163 ||   295
  Use: Scroll            |       |     4 ||     4
       Potion            |       |     5 ||     5
Armor: Scale mail        |    69 |    75 ||   144
       Skin              |       |     7 ||     7
Dodge: Dodged            |    51 |    60 ||   111
Block: Kite shield       |    67 |    87 ||   154

Table legend: (Time is in decaauts)
 A = Elapsed time spent in this place.
 B = Non-inter-level travel time spent in this place.
 C = Inter-level travel time spent in this place.
 D = Time resting spent in this place.
 E = Time spent auto-exploring this place.
 F = Levels seen in this place.
 G = Mean time per level.
                   A        B        C        D        E       F      G
               +--------+--------+--------+--------+--------+-----+--------+
         Total |   4219 |   4113 |    106 |   1066 |   2369 |   4 | 1054.8 |
       Dungeon |   4219 |   4113 |    106 |   1066 |   2369 |   4 | 1054.8 |
               +--------+--------+--------+--------+--------+-----+--------+

Top non-repeatable levels by time:
     D:2: 1374 daAuts
     D:1: 1338 daAuts
     D:3: 1310 daAuts
     D:4: 196 daAuts
